 Dungeon Crawl Stone Soup version 0.29.1-14-g9c671dbff4 (webtiles) character file.

Game seed: 12351829656930040616

99 Goreval the Firebug (level 4, -2/24 HPs)
             Began as a Deep Elf Fire Elementalist on Feb 20, 2023.
             Slain by Grinder (10 damage)
             ... while paralysed by Grinder
             ... on level 3 of the Dungeon.
             The game lasted 00:05:54 (2806 turns).

Goreval the Firebug (Deep Elf Fire Elementalist)    Turns: 2806, Time: 00:05:55

Health: -2/24      AC:  2    Str:  5    XL:     4   Next: 45%
Magic:  1/11       EV:  2    Int: 22    God:
Gold:   103        SH:  0    Dex: 15    Spells: 4/10 levels left

rFire   . . .      SeeInvis .   h - +0 dagger
rCold   . . .      Faith    .   (no shield)
rNeg    . . .      Spirit   .   a - +0 robe
rPois   .          Reflect  .   (no helmet)
rElec   .          Harm     .   (no cloak)
rCorr   .          Rampage  .   (no gloves)
Will    .....                   (no boots)
Stlth   ++........              (no amulet)
HPRegen 0.08/turn               (no ring)
MPRegen 0.12/turn               (no ring)

@: paralysed
A: no striking features
a: no special abilities


You were on level 3 of the Dungeon.
You visited 1 branch of the dungeon, and saw 3 of its levels.

You collected 103 gold pieces.

Inventory:

Hand Weapons
 h - a +0 dagger (weapon)
Armour
 a - a +0 robe (worn)
Magical Staves
 f - a staff of cold
Scrolls
 g - a scroll of torment {unknown}
 i - 5 scrolls of identify {unknown}
 k - a scroll of enchant armour {unknown}
 l - a scroll of amnesia {unknown}
 n - 2 scrolls of teleportation {unknown}
 r - a scroll of fear {unknown}
Potions
 b - a potion of magic
 c - 2 potions of heal wounds {unknown}
 d - a potion of resistance {unknown}
 e - a potion of might {unknown}
 j - a potion of mutation {unknown}
 m - 2 potions of brilliance {unknown}
 o - a potion of haste {unknown}
 p - a potion of curing {unknown}
 q - a potion of cancellation {unknown}


   Skills:
 + Level 3.2 Dodging
 - Level 2.4 Stealth
 + Level 3.8 Spellcasting
 * Level 2.7 Conjurations
 * Level 4.3 Fire Magic


You had 4 spell levels left.
You knew the following spells:

 Your Spells              Type           Power      Damage    Failure   Level
a - Foxfire               Conj/Fire      76%        2x1d7     2%          1
b - Scorch                Fire           46%        2d7       3%          2
c - Conjure Flame         Conj/Fire      19%        6-21      8%          3

Your spell library contained the following spells:

 Spells                   Type           Power      Damage    Failure   Level
 Inner Flame              Hex/Fire       13%        N/A       14%         3
 Flame Wave               Conj/Fire      19%        2d7       26%         4
 Gell's Gravitas          Tloc           4%         N/A       34%         3
 Lesser Beckoning         Tloc           4%         N/A       34%         3
 Teleport Other           Tloc           4%         N/A       34%         3


Dungeon Overview and Level Annotations

Branches:
Dungeon (3/15) Zot: 15194

Altars:
Makhleb

Annotations:
D:3 Grinder


Message History

You start resting.
Grinder is nearby!
Flames lash Grinder.
Grinder shouts!
Grinder's fire resistance burns away.
You conjure some foxfire!
Grinder blinks!
You conjure some foxfire!
Found a robe.
Grinder is no longer more vulnerable to fire.
Grinder blinks!
Nothing appears to happen.
You conjure some foxfire!
Grinder hits you.
You writhe in agony.
Grinder gestures at you. You resist with significant effort.
You conjure some foxfire!
Grinder says, "FISH!"
There is not enough space to conjure foxfire!
Unknown command.
Grinder blinks!
You start resting.
Grinder is nearby!
You conjure some foxfire!
Grinder blinks!
You start resting.
Grinder is nearby!
You conjure some foxfire!
Flames lash Grinder.
Grinder's fire resistance burns away.
The foxfire hits Grinder but does no damage. x2
You don't have enough magic to cast this spell.
You completely miss Grinder. Grinder hits you but does no damage.
You hit Grinder but do no damage. Grinder misses you.
You hit Grinder but do no damage. Grinder hits you!
You writhe in agony.
* * * LOW HITPOINT WARNING * * *
Unknown command.
Grinder is no longer more vulnerable to fire.
Grinder gestures at you. You resist with significant effort.
Grinder gestures at you.
You suddenly lose the ability to move!
Grinder hits you!
You die...

..#. # ##.#
#.#.######.##v####[# .
#.#..........#.....#
.#####.#...<....##.######
....##.##.########.##
....................#
........).#######.#.#
.##.##.#### #5#.#
.##.##.# #@#.# §v.....#
#.#.# .##.#### #.#.#
..#.# #.#.#
##.†########## #.#.#
##....S.....# #.#
#.########.# #.# #.# #.#
.##


You could see Grinder.

Vanquished Creatures
  Terence (D:3)
  2 adders (D:2)
  A dart slug (D:1)
  2 ball pythons
  5 endoplasms (D:1)
  5 giant cockroaches
  9 goblins
  5 hobgoblins
  3 quokkas
  4 bats
  4 frilled lizards
  6 kobolds
  4 rats
51 creatures vanquished.

Vanquished Creatures (collateral kills)
  3 foxfires (D:2)
3 creatures vanquished.

Vanquished Creatures (others)
  97 foxfires
  3 fungi (D:2)
  6 plants (D:2)
106 creatures vanquished.

Grand Total: 160 creatures vanquished

Notes
Turn   | Place    | Note
-------+----------+-------------------------------------------
     0 | D:1      | Goreval the Deep Elf Fire Elementalist began the quest for
                  | the Orb.
     0 | D:1      | Reached XP level 1. HP: 10/10 MP: 6/6
   274 | D:1      | Reached XP level 2. HP: 15/15 MP: 5/8
   277 | D:1      | Learned a level 2 spell: Scorch
  1056 | D:1      | Reached XP level 3. HP: 19/19 MP: 5/9
  1146 | D:1      | Learned a level 3 spell: Conjure Flame
  1732 | D:2      | Reached skill level 4 in Fire Magic
  1934 | D:2      | Found a burning altar of Makhleb.
  2118 | D:2      | Reached XP level 4. HP: 24/24 MP: 8/11
  2159 | D:2      | Found a faded altar of an unknown god.
  2639 | D:3      | Noticed Terence
  2658 | D:3      | Killed Terence
  2688 | D:3      | Noticed Grinder
  2803 | D:3      | Paralysed by Grinder for 5 turns
  2806 | D:3      | Slain by Grinder

Illustrated notes

Levels and vault maps discovered:
D:1:      dpeg_arrival_long_road, layout_basic, minmay_misc_feat_tiny,
          minmay_heptomino_d4
D:2:      layout_loops_ring, basic_altar, dreamdust_ecumenical_altar_grove
D:3:      minmay_angry_zag, layout_loops_ring,
          mainiacjoe_overflow_concentric_impassable, hangedman_feature_mirror,
          grunt_ministairs_3, uniq_terence, uniq_grinder

Skill      XL: |  1  2  3 |
---------------+----------+-----
Conjurations   | 2 |  2.7
Dodging        | 3 |  3.2
Fire Magic     | 4 |  4.3
Stealth        | |  2.4
Spellcasting   | |  3.8

Action                   |  1- 3 |  4- 6 || total
-------------------------+-------+-------++-------
Melee: Unarmed           |     1 |       ||     1
       Punch             |     1 |       ||     1
       Dagger            |       |     3 ||     3
 Cast: Foxfire           |    56 |    24 ||    80
       Scorch            |    28 |     6 ||    34
Armor: Robe              |     4 |     2 ||     6
Dodge: Dodged            |     6 |     7 ||    13
